 Dungeon Crawl Stone Soup version 0.29-a0-234-g0dae59b3db (webtiles) character file.

Game seed: 15096602013603539754

100 Hubjo the Sneak (level 4, 0/33 HPs)
             Began as a Vampire Enchanter on Mar 3, 2022.
             Was a Follower of Nemelex Xobeh.
             Slain by a gnoll
             ... wielding a +0 war axe
              (12 damage)
             ... on level 3 of the Dungeon.
             The game lasted 00:04:51 (1725 turns).

Hubjo the Sneak (Vampire Enchanter)                 Turns: 1725, Time: 00:04:51

Health: 0/33       AC:  2    Str:  7    XL:     4   Next: 46%
Magic:  7/7        EV: 13    Int: 23    God:    Nemelex Xobeh [*.....]
Gold:   86         SH:  0    Dex: 16    Spells: 1/7 levels left

rFire   . . .      SeeInvis +   f - +2 dagger (venom)
rCold   . . .      Faith    .   (no shield)
rNeg    . . .      Spirit   .   b - +0 robe
rPois   .          Reflect  .   (no helmet)
rElec   .          Harm     .   j - scarf {shadows}
rCorr   .          Rampage  .   (no gloves)
Will    +....                   (no boots)
Stlth   +++.......              (no amulet)
HPRegen 0.31/turn               q - +6 ring of intelligence
MPRegen 0.10/turn               o - ring of willpower

@: healing quickly
A: alive, fangs 3, see invisible, vampiric 2
a: Exsanguinate, Renounce Religion, Draw Escape, Draw Destruction, Draw
Summoning


You were on level 3 of the Dungeon.
You worshipped Nemelex Xobeh.
Nemelex Xobeh was aware of your devotion.
You visited 1 branch of the dungeon, and saw 3 of its levels.

You collected 86 gold pieces.

Inventory:

Hand Weapons
 a - a +1 dagger
 d - a +0 hunting sling of flaming
 f - a +2 dagger of venom (weapon)
 l - a +2 dagger of electrocution
 r - a +3 dagger
Missiles
 e - 126 stones (quivered)
Armour
 b - a +0 robe (worn)
 j - a scarf of shadows (worn)
Jewellery
 o - a ring of willpower (right hand)
 q - a +6 ring of intelligence (left hand)
Scrolls
 g - 2 scrolls of vulnerability {unknown}
 h - 2 scrolls of immolation {unknown}
 k - 2 scrolls of identify {unknown}
 p - a scroll of summoning {unknown}
Potions
 c - a potion of invisibility
 i - a potion of ambrosia {unknown}
 m - a potion of heal wounds {unknown}
 n - a potion of berserk rage {unknown}


   Skills:
 + Level 1.8 Fighting
 + Level 2.0 Short Blades
 + Level 2.7 Dodging
 * Level 5.8 Stealth
 - Level 2.0 Spellcasting
 + Level 4.8 Hexes
 * Level 0.2 Invocations


You had one spell level left.
You knew the following spells:

 Your Spells              Type           Power      Damage    Failure   Level
a - Tukima's Dance        Hex            24%        N/A       5%          3
b - Dazzling Flash        Conj/Hex       26%        N/A       14%         3

Your spell library contained the following spells:

 Spells                   Type           Power      Damage    Failure   Level
 Confusing Touch          Hex            24%        N/A       5%          3
 Ensorcelled Hibernation  Hex/Ice        26%        N/A       7%          2


Dungeon Overview and Level Annotations

Branches:
Dungeon (3/15)

Altars:
Nemelex Xobeh


Innate Abilities, Weirdness & Mutations

Your natural rate of healing is accelerated.
You have razor-sharp teeth.
You have supernaturally acute eyesight. (SInv)
You are afflicted with vampirism and can become a bat while bloodless.


Message History

No reachable target in view!
No reachable target in view!
No reachable target in view!
No reachable target in view!
You enter the shallow water.
Moving in this stuff is going to be slow.
A gnoll comes into view. It is wielding a +0 war axe.
A gnoll comes into view. It is wielding a +0 spear.
The rat closely misses you.
Your unstable footing causes you to fumble your attack.
The gnoll shouts! x2; You hear a shout!
The rat bites you.
You barely miss the rat.
The rat splashes around in the water.
You hit the rat.
The rat is moderately wounded.
You hear the rusting of a distant drain.
The rat bites you.
You hit the rat.
You kill the rat!
A gnoll comes into view. It is wielding a +0 club.
The gnoll hits you with a +0 spear! The gnoll hits you with a +0 war axe.
The gnoll barely misses you.
You see here a rat corpse.
Your unstable footing causes you to fumble your attack.
The gnoll hits you with a +0 war axe! The gnoll hits you with a +0 spear.
You are too injured to fight recklessly!
You are too injured to fight recklessly!
You are too injured to fight recklessly!
You are too injured to fight recklessly!
You are too injured to fight recklessly!
You are too injured to fight recklessly!
You are too injured to fight recklessly!
You are too injured to fight recklessly!
You are too injured to fight recklessly!
You are too injured to fight recklessly!
You are too injured to fight recklessly!
The gnoll hits you from afar with a +0 spear.
The gnoll hits you with a +0 war axe!
You die...
Your body disappears without a glow.

.# .# .# ## .# .# .#
## ###.##. .# #.
...... .#
#####.###.##...#.# .#
.............#.#.## .#
#.. ....#...@...... .#
#.# #.....g##.#.## .#
#.# #..#......#.#
)####.####.....g.###..
.†...................?
###.≈≈≈≈≈≈........≈≈..
≈≈≈≈≈≈≈P≈≈≈..≈g≈≈.≈P≈≈
≈≈≈≈≈≈≈≈≈≈≈≈≈P≈≈≈≈≈≈P≈
≈≈≈≈≈≈≈≈≈≈≈≈≈≈≈†≈≈≈≈≈≈


You could see 3 gnolls.

Vanquished Creatures
  5 adders
  3 dart slugs
  5 bats
  4 endoplasms (D:1)
  A giant cockroach (D:2)
  7 goblins
  4 hobgoblins
  A quokka (D:1)
  5 ball pythons
  3 frilled lizards
  6 kobolds
  3 rats
47 creatures vanquished.

Vanquished Creatures (others)
  A fungus (D:2)
  2 plants (D:3)
3 creatures vanquished.

Grand Total: 50 creatures vanquished

Notes
Turn   | Place    | Note
-------+----------+-------------------------------------------
     0 | D:1      | Hubjo the Vampire Enchanter began the quest for the Orb.
     0 | D:1      | Reached XP level 1. HP: 13/13 MP: 3/3
   167 | D:1      | Reached XP level 2. HP: 14/20 MP: 5/5
   286 | D:1      | Reached skill level 5 in Stealth
   444 | D:1      | Reached skill level 1 in Fighting
   497 | D:1      | Gained mutation: You are afflicted with vampirism and can
                  | become a bat while bloodless. [Vampire growth]
   497 | D:1      | Reached XP level 3. HP: 26/26 MP: 6/6
   501 | D:1      | Learned a level 3 spell: Tukima's Dance
   505 | D:1      | Learned a level 3 spell: Dazzling Flash
  1106 | D:2      | Reached XP level 4. HP: 20/33 MP: 7/7
  1478 | D:2      | Found a faded altar of an unknown god.
  1487 | D:2      | Prayed at the altar of an unknown god.
  1487 | D:2      | Became a worshipper of Nemelex Xobeh the Trickster
  1487 | D:2      | Reached * piety under Nemelex Xobeh
  1539 | D:3      | Received a gift from Nemelex Xobeh
  1725 | D:3      | Slain by a gnoll

Illustrated notes

Levels and vault maps discovered:
D:1:      psy_arrival_whirlpool, layout_basic, grunt_decor_fettered,
          glass_columns_a
D:2:      layout_basic, dreamdust_ecumenical_altar_hidden_monk_grotto,
          kennysheep_generic_room_13
D:3:      layout_basic, gup_sewer_entry_bubbles, minmay_crystal_room,
          chequers_big_river, skrybe_limestone_x

Skill      XL: |  1  2  3  4 |
---------------+-------------+-----
Stealth        | 5 |  5.8
Fighting       | 1 |  1.8
Short Blades   | 2 |  2.0
Dodging        | |  2.7
Spellcasting   | |  2.0
Hexes          | |  4.8
Invocations    | |  0.2

Action                   |  1- 3 |  4- 6 || total
-------------------------+-------+-------++-------
Melee: Dagger            |    85 |    30 ||   115
       Bite              |     5 |     1 ||     6
       Punch             |     1 |     1 ||     2
 Stab: Sleeping          |     9 |     3 ||    12
       Distracted        |     1 |       ||     1
Armor: Robe              |    15 |     2 ||    17
Dodge: Dodged            |    42 |    10 ||    52

Table legend: (Time is in decaauts)
 A = Elapsed time spent in this place.
 B = Non-inter-level travel time spent in this place.
 C = Inter-level travel time spent in this place.
 D = Time resting spent in this place.
 E = Time spent auto-exploring this place.
 F = Levels seen in this place.
 G = Mean time per level.
                   A        B        C        D        E       F      G
               +--------+--------+--------+--------+--------+-----+--------+
         Total |   1720 |   1616 |    104 |     57 |   1134 |   3 |  573.3 |
       Dungeon |   1720 |   1616 |    104 |     57 |   1134 |   3 |  573.3 |
               +--------+--------+--------+--------+--------+-----+--------+

Top non-repeatable levels by time:
     D:1: 766 daAuts
     D:2: 739 daAuts
     D:3: 215 daAuts
